 Dungeon Crawl Stone Soup version 0.28-a0-726-g4a9143789a (webtiles) character file.

Game seed: 13811007320934962335

193 ytrimaz the Conjurer (level 5, -3/31 HPs)
             Began as an Octopode Conjurer on Oct 27, 2021.
             Slain by Purgy (9 damage)
             ... on level 4 of the Dungeon.
             The game lasted 00:05:11 (4561 turns).

ytrimaz the Conjurer (Octopode Conjurer)            Turns: 4561, Time: 00:05:11

Health: -3/31      AC:  1    Str:  6    XL:     5   Next: 72%
Magic:  10/10      EV: 12    Int: 21    God:
Gold:   158        SH:  3    Dex: 11    Spells: 8/11 levels left

rFire   . . .      SeeInvis .   (no weapon)
rCold   . . .      Faith    .   g - +0 buckler
rNeg    . . .      Spirit   .   (helmet restricted)
rPois   .          Reflect  .   (no amulet)
rElec   .          Harm     .   c - ring of resist corrosion
rCorr   +          Rampage  .   (no ring)
Will    .....                   (no ring)
Stlth   +++.......              (no ring)
HPRegen 0.10/turn               (no ring)
MPRegen 0.12/turn               (no ring)
                                (no ring)
                                (no ring)

@: no status effects
A: almost no armour, amphibious, 8 rings, camouflage 1, gelatinous body 1,
(nimble swimmer 1), tentacles
a: no special abilities


You were on level 4 of the Dungeon.
You visited 1 branch of the dungeon, and saw 4 of its levels.

You collected 158 gold pieces.

Inventory:

Armour
 g - a +0 buckler (worn)
Jewellery
 c - a ring of resist corrosion (left tentacle)
Scrolls
 a - a scroll of identify
 e - a scroll of enchant weapon
 f - a scroll of brand weapon
 h - 2 scrolls of vulnerability
 j - a scroll of amnesia
Potions
 b - a potion of curing
 d - a potion of brilliance


   Skills:
 - Level 2.0 Dodging
 - Level 2.6 Stealth
 + Level 0.1 Shields
 + Level 3.5 Spellcasting
 + Level 5.9 Conjurations


You had 8 spell levels left.
You knew the following spells:

 Your Spells              Type           Power      Damage    Failure   Level
a - Magic Dart            Conj           100%       1d8       1%          1
b - Searing Ray           Conj           56%        2d6       2%          2

Your spell library contained the following spells:

 Spells                   Type           Power      Damage    Failure   Level
 Dazzling Flash           Conj/Hex       32%        N/A       19%         3
 Gell's Gravitas          Tloc           1%         N/A       52%         3
 Lesser Beckoning         Tloc           3%         N/A       52%         3
 Ozocubu's Armour         Ice            3%         N/A       52%         3
 Teleport Other           Tloc           3%         N/A       52%         3
 Fulminant Prism          Conj/Hex       8%         3d7       52%         4
 Iskenderun's Mystic Bla  Conj/Tloc      16%        2d5       52%         4
 Ozocubu's Refrigeration  Ice            1%         4d5       100%        7


Dungeon Overview and Level Annotations

Branches:
Dungeon (4/15)
 Temple: D:4-7

Altars:
Fedhas

Annotations:
D:4 Purgy


Innate Abilities, Weirdness & Mutations

You cannot wear most types of armour.
You are amphibious.
You can wear up to eight rings at the same time.
Your skin changes colour to match your surroundings (Stealth+).
Your rubbery body absorbs attacks. (AC +1, EV +1)
((You are camouflaged near water. (Stealth+)))
You have tentacles for arms and can constrict up to eight enemies at once.


Message History

You feel clever all of a sudden. Purgy misses you. Purgy claws you.
Purgy closely misses you.
Unknown command.
You hear the slow rusting of a drain nearby.
Found a stone staircase leading up.
As you read the scroll of fog, it crumbles to dust.
The scroll dissolves into smoke.
Purgy misses you. Purgy claws you. Purgy barely misses you.
Purgy clenches his claws.
Purgy bites you!
* * * LOW HITPOINT WARNING * * *
Purgy claws you.
* * * LOW HITPOINT WARNING * * *
Purgy barely misses you. Purgy barely misses you.
Purgy claws you but does no damage. Purgy claws you.
* * * LOW HITPOINT WARNING * * *
Purgy snarls, "My home!
Leave!"
Purgy clenches his claws.
Purgy bites you.
* * * LOW HITPOINT WARNING * * *
You block Purgy's attack. Purgy closely misses you.
Purgy looks around nervously.
Purgy bites you.
* * * LOW HITPOINT WARNING * * *
You block Purgy's attack. x2
An adder comes into view.
You are too injured to fight recklessly!
A quokka comes into view.
Purgy bites you.
* * * LOW HITPOINT WARNING * * *
Purgy claws you.
* * * LOW HITPOINT WARNING * * *
Purgy barely misses you. Purgy bites you.
* * * LOW HITPOINT WARNING * * *
Purgy closely misses you. x2
You hear the slow rusting of a drain.
You feel a little less clever now. Purgy bites you!
You die...

.# ........####### ##... ..#####
..............##...# ......#
...................#
......###............###..## ###
..<.......##.........#...####..##
.........# ##.............#.....#
###..##.## #..................##
#.......#####.....†.........<..#
##.........##..@.......§......##
##.#.###.###.T####....##..#.##
###...###.........#....########
#.....##.........###..##
#................# #..#
............#....# ...#
..###.......##.###.... ##
##......####≈######≈ ###.#..#
#≈≈≈≈S≈≈≈≈


You could see Purgy.

Vanquished Creatures
  An iguana (D:3)
  A hound skeleton (D:3)
  4 gnolls (D:2)
  3 adders
  2 worms (D:2)
  2 dart slugs (D:2)
  6 orcs
  6 ball pythons
  5 endoplasms
  3 giant cockroaches
  7 goblins
  9 hobgoblins
  8 jackals
  3 kobolds
  4 quokkas
  3 bats
  A frilled lizard (D:3)
  3 rats
71 creatures vanquished.

Vanquished Creatures (others)
  A plant (D:1)
1 creature vanquished.

Grand Total: 72 creatures vanquished

Notes
Turn   | Place    | Note
-------+----------+-------------------------------------------
     0 | D:1      | ytrimaz the Octopode Conjurer began the quest for the Orb.
     0 | D:1      | Reached XP level 1. HP: 11/11 MP: 3/3
   376 | D:1      | Reached XP level 2. HP: 14/17 MP: 1/5
  1306 | D:2      | Reached XP level 3. HP: 21/21 MP: 2/6
  1526 | D:2      | Reached skill level 5 in Conjurations
  1841 | D:2      | Found a blossoming altar of Fedhas.
  1930 | D:2      | Reached XP level 4. HP: 27/27 MP: 3/7
  2016 | D:2      | Learned a level 2 spell: Searing Ray
  3157 | D:3      | Reached XP level 5. HP: 28/31 MP: 4/9
  4434 | D:4      | Noticed Purgy
  4561 | D:4      | Slain by Purgy

Illustrated notes

Levels and vault maps discovered:
D:1:      sevenhm_arrival_forest_fort_small_4, layout_loops_ring,
          amcnicky_mini_rare_corridor_liquid, fountainhead, minmay_tetromino_i2
D:2:      layout_loops_cross, basic_altar, minmay_misc_feat_cross, st_stairs_1,
          chequers_serial_rivers_small_a
D:3:      layout_loops_ring
D:4:      layout_cave_pools, mainiacjoe_overflow_paths, gup_sewer_entry_bubbles,
          kennysheep_generic_room_7, uniq_purgy, uniq_eustachio,
          uniq_blork_the_orc

Skill      XL: |  1  2  3  4 |
---------------+-------------+-----
Conjurations   | 5 |  5.9
Spellcasting   | 3 |  3.5
Dodging        | |  2.0
Stealth        | |  2.6
Shields        | |  0.1

Action                   |  1- 3 |  4- 6 || total
-------------------------+-------+-------++-------
Melee: Unarmed           |    15 |     8 ||    23
       Constrict         |     5 |     2 ||     7
       Tentacles         |       |     1 ||     1
 Cast: Magic Dart        |    69 |    83 ||   152
       Searing Ray       |       |     6 ||     6
  Use: Scroll            |     7 |     4 ||    11
       Potion            |       |     2 ||     2
Armor: Skin              |     2 |     3 ||     5
Dodge: Dodged            |    12 |    41 ||    53
Block: Buckler           |     1 |    12 ||    13

Table legend: (Time is in decaauts)
 A = Elapsed time spent in this place.
 B = Non-inter-level travel time spent in this place.
 C = Inter-level travel time spent in this place.
 D = Time resting spent in this place.
 E = Time spent auto-exploring this place.
 F = Levels seen in this place.
 G = Mean time per level.
                   A        B        C        D        E       F      G
               +--------+--------+--------+--------+--------+-----+--------+
         Total |   4563 |   4377 |    186 |   1094 |   2605 |   4 | 1140.8 |
       Dungeon |   4563 |   4377 |    186 |   1094 |   2605 |   4 | 1140.8 |
               +--------+--------+--------+--------+--------+-----+--------+

Top non-repeatable levels by time:
     D:2: 1823 daAuts
     D:1: 1580 daAuts
     D:3: 983 daAuts
     D:4: 176 daAuts
